 Dungeon Crawl Stone Soup version 0.15-a0-1206-g3bad1a6 (webtiles) character file.

120300 PolkaDot the Maledictor (level 16, -11/96 HPs)
             Began as a Vampire Enchanter on June 1, 2014.
             Was the Champion of Ashenzari.
             Mangled by a faun
             ... wielding a +0,+0 spear
             ... led by a satyr
              (14 damage)
             ... on Level 3 of the Shoals.
             The game lasted 03:06:06 (32433 turns).

PolkaDot the Maledictor (Vampire Enchanter)        Turns: 32433, Time: 03:06:06

HP -11/96        AC 17     Str  7      XL: 16   Next: 29%
MP  27/29        EV 23     Int 20      God: Ashenzari [******]
Gold 516         SH 13     Dex 16      Spells:  8 memorised,  3 levels left

rFire  + . .     SeeInvis +     s - +5 dagger (speed) (curse)
rCold  + + .     Clarity  +     e - +3 leather armour {rF+} (curse)
rNeg   + + +     rCorr    .     G - +0 buckler (curse)
rPois  +         rRot     +     (no helmet)
rElec  .         Spirit   .     b - +2 cloak (curse)
SustAb .         Warding  .     E - +3 pair of gloves of Cla Thur {Stlth+}
rMut   +         Stasis   .     K - +2 pair of boots {Fly} (curse)
Gourm  .                        q - cursed amulet of resist mutation
MR     +....                    l - cursed ring of invisibility
                                D - cursed +5 ring of evasion

@: flying, very slightly contaminated, bloodless, non-regenerating, slowed,
glowing, studying Short Blades, very slow, somewhat resistant to hostile
enchantments, quite stealthy
A: bottle blood, fangs 3, see invisible, unbreathing
a: Bat Form, Bottle Blood, Scrying, Transfer Knowledge, Renounce Religion, Evoke
Invisibility, Stop Flying


You were on level 3 of the Shoals.
You worshipped Ashenzari.
Ashenzari was exalted by your worship.
You were bloodless.

You visited 4 branches of the dungeon, and saw 27 of its levels.

You collected 1672 gold pieces.
You spent 1156 gold pieces at shops.

Inventory:

Hand weapons
 s - a cursed +5,+5 dagger of speed (weapon)
Missiles
 S - 4 throwing nets (quivered)
Armour
 b - a cursed +2 cloak (worn)
 e - a cursed +3 leather armour of fire resistance (worn)
 E - the cursed +3 pair of gloves of Cla Thur (worn) {Stlth+}
   (You acquired it on level 8 of the Lair of Beasts)

   It makes you more stealthy.
   It has a curse placed upon it.
 G - a cursed +0 buckler (worn)
 K - a cursed +2 pair of boots of flying (worn)
 N - a cursed +2 shield of protection
Magical devices
 g - a wand of paralysis (10)
 n - a wand of digging (15)
 u - a wand of polymorph (14)
 L - a wand of heal wounds (0)
 R - a wand of teleportation (0)
 V - a wand of teleportation (4)
Scrolls
 a - 3 scrolls of immolation
 d - a scroll of noise
 f - a scroll of torment
 i - 5 scrolls of magic mapping
 m - 9 scrolls of teleportation
 o - 5 scrolls of curse armour
 v - 5 scrolls of identify
 w - 2 scrolls of fear
 y - 5 scrolls of curse weapon
 z - 2 scrolls of recharging
 A - a scroll of remove curse
 F - a scroll of brand weapon
 I - 4 scrolls of fog
 O - a scroll of vulnerability
 W - a scroll of enchant armour
Jewellery
 l - a cursed ring of invisibility (right hand)
 q - a cursed amulet of resist mutation (around neck)
 D - a cursed +5 ring of evasion (left hand)
Potions
 c - 4 potions of brilliance
 h - 3 potions of invisibility
 j - 2 potions of restore abilities
 k - 2 potions of might
 r - 2 potions of resistance
 H - 6 potions of haste
 J - a potion of agility
 X - 3 potions of heal wounds
 Y - 5 potions of curing
Books
 t - a manual of Short Blades
 x - a book of Dreams

   Spells                             Type                      Level
   *Ensorcelled Hibernation           Hexes/Ice                    2
   Flight                             Charms/Air                   3
   Phase Shift                        Translocation                5
   Shadow Creatures                   Summoning                    5
   Mass Confusion                     Hexes                        6
   Darkness                           Hexes                        7
 U - a book of Control

   Spells                             Type                      Level
   Control Teleport                   Charms/Translocation         4
   Control Undead                     Necromancy                   4
   *Enslavement                       Hexes                        4
   Metabolic Englaciation             Hexes/Ice                    5
   Mass Confusion                     Hexes                        6
 Z - a book of Enchantments

   Spells                             Type                      Level
   Tukima's Dance                     Hexes                        3
   Cause Fear                         Hexes                        4
   Silence                            Hexes/Air                    5
   Deflect Missiles                   Charms/Air                   6
   Haste                              Charms                       6
   Discord                            Hexes                        8
Miscellaneous
 p - a fan of gales


   Skills:
 - Level 11.1(15.3) Short Blades
 * Level 3.9 Armour
 - Level 7.8(10.9) Dodging
 + Level 21.0(23.2) Stealth
 - Level 5.5(8.6) Shields
 - Level 3.0 Spellcasting
 + Level 23.6(26.9) Hexes
 - Level 3.0(6.8) Ice Magic
 - Level 10.4(14.7) Evocations


You had 3 spell levels left.
You knew the following spells:

 Your Spells              Type           Power        Failure   Level  Hunger
a - Corona                Hex            #######      0%          1    None
b - Sure Blade            Hex/Chrm       ######....   1%          2    ##.....
c - Confuse               Hex            #######.     0%          3    ###....
d - Ensorcelled Hibernat  Hex/Ice        ######       1%          2    ##.....
e - Enslavement           Hex            #######.     0%          4    ####...
q - Blink                 Tloc           N/A          21%         2    ##.....
s - Dazzling Spray        Conj/Hex       ######..     1%          3    ###....
A - Apportation           Tloc           #.........   14%         1    None


Dungeon Overview and Level Annotations

Branches:
Dungeon (15/15)            Temple (1/1) D:7             Orc (0/4) D:12
   Lair (8/8) D:11         Shoals (3/5) Lair:4        Snake (0/5) Lair:4
  Slime (0/6) Lair:7       Vaults (0/5) D:14         Depths (0/5) D:15

Altars:
Ashenzari
Cheibriados
Dithmenos
Elyvilon
Fedhas
Gozag
Kikubaaqudgha
Makhleb
Nemelex Xobeh
Okawaru
Qazlal
Sif Muna
Trog
Vehumet
Xom
Yredelemnul
Zin
The Shining One
Beogh
Jiyva

Shops:
D:8 *%![!   D:14 :

Annotations:
D:10 exclusion: upstairs


Innate Abilities, Weirdness & Mutations

You do not heal naturally.
You can bottle blood from corpses.
You have razor-sharp teeth.*
You have supernaturally acute eyesight.
You can survive without breathing.*


Message History

The faun hits you with an uncursed club.
* * * LOW HITPOINT WARNING * * *
The faun unwields an uncursed sling.
The faun wields an uncursed spear.
The faun closely misses you.
The mermaid chants a haunting song.
You are unaffected.
The faun hits you but does no damage.
The satyr shoots an arrow.
The arrow hits you.
* * * LOW HITPOINT WARNING * * *
The arrow burns you.
* * * LOW HITPOINT WARNING * * *
x2 The faun unwields an uncursed club.
The faun wields an uncursed sling.
The faun shoots a stone.
You block the stone.
The faun points at you and mumbles some strange words.
You feel as though you will be slow longer.
The mermaid hits you from afar with a spear.
* * * LOW HITPOINT WARNING * * *
The faun barely misses you.
You see here a stone.
The faun hits you with an uncursed spear!
You die...

...# #..≈≈≈≈≈≈≈≈≈≈ ≈≈≈≈≈≈≈ ≈
..## #..≈≈≈≈≈≈≈≈≈≈≈≈≈≈≈≈ ≈≈≈
.## #..≈≈≈≈≈≈≈≈≈≈≈≈≈≈ ≈ ≈≈≈≈ ≈
≈ ## #.....≈≈≈≈≈≈≈≈≈≈≈≈ ≈ ≈≈ #
###..##...≈≈≈≈≈≈≈≈≈≈≈≈ ≈≈ ≈
####....###..≈≈≈≈≈≈≈≈≈≈≈ ≈≈≈≈,
........# #(.(≈≈≈≈≈≈≈≈≈≈≈≈≈≈ ,
....≈≈..###.(≈(≈≈≈≈≈≈≈≈≈≈≈ ,,
≈≈≈≈≈≈...##...≈≈@.≈≈≈≈≈≈≈ , *
≈≈≈≈≈≈≈........(cc.≈≈≈≈≈≈≈ ,
≈≈≈≈≈≈.......m.cc...≈≈≈≈≈. , ,
≈≈≈≈≈.....(.....c.....≈≈.. ,, ,
≈≈p..............(.....≈...,,,,
, ............(.....(........,
, ).......................... ,
, )...................?..... ,,
, ..........................,,
, ,


You could see a satyr, 4 fauns and a mermaid.

Vanquished Creatures
  The ghost of Dadi the Bludgeoner, a mighty DsBe of Trog (Lair:8)
  A kraken (Shoals:2)
  Rupert (Lair:6)
  Kirke (Shoals:3)
  Aizul (Shoals:1)
  A merfolk javelineer (Shoals:3)
  An ettin (D:13)
  Fannar (Lair:6)
  A great orb of eyes (D:15)
  5 hydras
  2 merfolk aquamancers (Shoals:2)
  The ghost of catsarecewl the Basher, a powerful GrFi of Qazlal (Lair:2)
  An ogre mage (D:15)
  A deep troll shaman (Lair:8)
  16 death yaks
  3 centaur warriors (D:13)
  A tengu warrior (D:15)
  Urug (D:11)
  Nergalle (Lair:2)
  2 catoblepae
  3 skeletal warriors (D:15)
  A flayed ghost (D:15)
  4 sea snakes
  5 unseen horrors
  A lindwurm (Lair:8)
  3 necromancers
  12 hill giants
  3 manticores (Shoals:1)
  A faun (Shoals:2)
  12 harpies
  2 griffons
  A draconian (shapeshifter) (D:13)
  2 cyclopes
  9 black mambas
  A mermaid (Shoals:1)
  A red wasp (D:13)
  A feature mimic (D:11)
  18 elephants
  Psyche (D:12)
  A gargoyle (D:12)
  8 spiny frogs
  An efreet (D:13)
  7 komodo dragons
  2 kobold demonologists (D:14)
  3 fire drakes
  2 tengu conjurers
  A queen bee (Lair:1)
  4 two-headed ogres
  A polar bear (Lair:8)
  3 slime creatures
  6 ravens
  9 trolls
  3 wind drakes
  14 merfolk
  18 blink frogs
  2 boulder beetles
  4 snapping turtles
  A very ugly thing zombie (D:15)
  An ice dragon zombie (D:15)
  A griffon skeleton (D:15)
  5 basilisks
  2 shadows (D:14)
  2 wraiths
  6 water elementals
  5 wyverns
  A trapdoor spider (D:14)
  3 deep elf magi
  A centaur simulacrum (D:12)
  9 wolves
  33 yaks
  10 hippogriffs
  8 vampire mosquitoes
  3 hungry ghosts
  17 ugly things
  A steam dragon (Lair:4)
  10 sharks
  A vampire (D:14)
  A soldier ant (D:13)
  A deep elf fighter (D:11)
  Edmund (D:5)
  21 water moccasins
  5 ice beasts
  3 sky beasts
  3 phantoms
  5 black bears
  2 boring beetles (Lair:8)
  9 porcupines
  15 centaurs
  A manticore zombie (D:11)
  13 orc warriors
  2 necrophages
  2 yellow wasps
  A griffon simulacrum (D:13)
  8 crocodiles
  12 ogres
  Sigmund (D:2)
  15 giant frogs
  8 giant slugs
  A cyclops zombie (D:13)
  A wyvern zombie (D:14)
  6 scorpions
  2 shapeshifter zombies (D:15)
  A troll zombie (D:12)
  3 hippogriff zombies
  42 killer bees
  An eye of draining (shapeshifter) (D:13)
  4 electric eels
  A boulder beetle zombie (D:15)
  3 lava snakes (D:10)
  22 wights
  An elf skeleton (D:15)
  2 quasits
  A yak skeleton (D:10)
  A spriggan skeleton (D:10)
  2 centaur zombies
  9 crimson imps
  11 hounds
  7 goliath beetles
  2 giant frog zombies
  2 big fish
  9 iguanas
  4 jellies
  A two-headed ogre zombie (D:10)
  A basilisk zombie (D:14)
  A centaur skeleton (D:10)
  16 orc priests
  21 orc wizards
  18 sheep
  2 orange rats (Lair:5)
  18 worker ants
  A sky beast zombie (D:8)
  A mottled dragon zombie (D:13)
  Ijyb (D:5)
  2 ogre skeletons
  A hound skeleton (D:8)
  A worker ant zombie (D:3)
  21 adders
  A human zombie (D:5)
  7 gnolls (D:4)
  An orc skeleton (D:11)
  4 giant mites
  79 green rats
  3 shadow imps
  A worm zombie (D:5)
  6 worms
  An adder skeleton (D:4)
  2 adder zombies (D:3)
  8 giant geckos
  67 orcs
  A bat skeleton (D:3)
  7 giant cockroaches
  17 goblins
  17 hobgoblins
  37 jackals
  15 quokkas
  4 ball pythons
  36 bats
  3 giant newts
  A giant spore (D:15)
  A jackal skeleton (D:5)
  23 kobolds
  A kobold zombie (D:7)
  2 orc zombies
  A quokka skeleton (D:5)
  31 rats
  2 rat zombies (D:3)
  10 ballistomycetes
  A fungus (D:7)
  2 plants (Lair:8)
1098 creatures vanquished.

Vanquished Creatures (collateral kills)
  2 harpies (Shoals:1)
  An unseen horror (D:11)
  A tengu conjurer (D:15)
  2 ravens (D:15)
  A giant gecko (D:10)
  2 orcs (D:10)
  A giant spore (D:15)
10 creatures vanquished.

Vanquished Creatures (others)
  Erica (D:11)
  A tengu conjurer (D:12)
  A raven (D:12)
  A water elemental (Shoals:2)
  2 giant spores
  7 fungi
  A plant (D:11)
14 creatures vanquished.

Grand Total: 1122 creatures vanquished

Notes
Turn   | Place    | Note
--------------------------------------------------------------
     0 | D:1      | PolkaDot, the Vampire Enchanter, began the quest for the Orb.
     0 | D:1      | Reached XP level 1. HP: 13/13 MP: 3/3
   255 | D:1      | Reached XP level 2. HP: 19/19 MP: 4/4
   263 | D:1      | Learned a level 2 spell: Ensorcelled Hibernation
   623 | D:1      | Reached skill level 1 in Ice Magic
   894 | D:2      | Reached XP level 3. HP: 8/24 MP: 0/6
  1383 | D:2      | Reached skill level 5 in Hexes
  1706 | D:2      | Reached skill level 5 in Stealth
  1706 | D:2      | Reached XP level 4. HP: 28/30 MP: 4/7
  1774 | D:2      | Found a shattered altar of Ashenzari.
  1792 | D:2      | Noticed Sigmund
  1794 | D:2      | Became a worshipper of Ashenzari the Shackled
  1812 | D:2      | Killed Sigmund
  1812 | D:2      | Reached XP level 5. HP: 26/35 MP: 6/9
  2557 | D:3      | Reached skill level 6 in Stealth
  2681 | D:3      | Learned a level 3 spell: Confuse
  3075 | D:3      | Learned a level 2 spell: Sure Blade
  3105 | D:3      | Reached XP level 6. HP: 36/41 MP: 6/10
  3612 | D:3      | Reached skill level 7 in Hexes
  4127 | D:4      | Found a sparkling altar of Nemelex Xobeh.
  4227 | D:4      | Reached XP level 7. HP: 34/46 MP: 0/12
  4233 | D:4      | Reached skill level 8 in Hexes
  4519 | D:4      | Found a shimmering altar of Xom.
  5175 | D:5      | Entered Level 5 of the Dungeon
  5178 | D:5      | Reached skill level 9 in Hexes
  5359 | D:5      | Noticed Edmund
  5369 | D:5      | Killed Edmund
  5387 | D:5      | Reached XP level 8. HP: 45/52 MP: 1/16
  5624 | D:5      | Learned a level 4 spell: Enslavement
  5657 | D:5      | Noticed Ijyb
  5663 | D:5      | Killed Ijyb
  5708 | D:5      | Reached skill level 10 in Hexes
  5770 | D:5      | Acquired Ashenzari's first power
  6177 | D:6      | Reached skill level 11 in Hexes
  6493 | D:6      | Reached skill level 5 in Short Blades
  6867 | D:6      | Identified the +9 plate armour of Greater Demons {Str+3 Dex+4}
  6891 | D:6      | Reached skill level 10 in Stealth
  6974 | D:6      | Reached XP level 9. HP: 57/57 MP: 17/17
  7122 | D:7      | Acquired Ashenzari's second power
  7295 | D:7      | Reached skill level 12 in Hexes
  7410 | D:7      | Noticed an unseen horror
  7421 | D:7      | Killed an unseen horror
  7710 | D:7      | Reached skill level 13 in Hexes
  8026 | D:7      | Found a staircase to the Ecumenical Temple.
  8040 | Temple   | Entered the Ecumenical Temple
  8244 | D:7      | Acquired Ashenzari's third power
  8438 | D:7      | Found a bloodstained altar of Trog.
  8790 | D:8      | Reached skill level 14 in Hexes
  9023 | D:8      | Reached XP level 10. HP: 47/63 MP: 11/18
  9028 | D:8      | Learned a level 3 spell: Dazzling Spray
  9142 | D:8      | Found Wooverei's Distillery.
  9145 | D:8      | Bought a potion of brilliance for 40 gold pieces
  9457 | D:8      | Found Pluashun's General Store.
  9589 | D:8      | Found Golafus' Food Boutique.
  9658 | D:8      | Found Kuathraub's Distillery.
  9665 | D:8      | Bought a potion of strong poison for 32 gold pieces
  9665 | D:8      | Bought a potion of agility for 40 gold pieces
  9665 | D:8      | Bought a potion of magic for 88 gold pieces
  9686 | D:8      | Found Pnueluq's Antique Armour Shoppe.
  9731 | D:8      | Bought a runed hat for 76 gold pieces
 10307 | D:8      | Reached skill level 15 in Hexes
 10652 | D:9      | Found a shadowy altar of Dithmenos.
 10789 | D:9      | Reached skill level 16 in Hexes
 11041 | D:9      | Found a snail-covered altar of Cheibriados.
 11213 | D:10     | Entered Level 10 of the Dungeon
 11383 | D:10     | Reached XP level 11. HP: 68/68 MP: 20/20
 11402 | D:10     | Noticed an unseen horror
 11411 | D:10     | Killed an unseen horror
 12585 | D:11     | Noticed Urug
 12608 | D:11     | HP: 3/68 [Urug/halberd (12)]
 12720 | D:11     | Noticed a hill giant
 12805 | D:11     | Killed a hill giant
 12805 | D:11     | Reached skill level 17 in Hexes
 12805 | D:11     | Reached skill level 1 in Evocations
 12821 | D:11     | Noticed a seven-headed hydra
 12828 | D:11     | Killed a seven-headed hydra
 12847 | D:11     | Found an opulent altar of Gozag.
 12859 | D:11     | Acquired Ashenzari's fourth power
 12863 | D:11     | Noticed Erica
 13126 | D:11     | Killed Erica
 13129 | D:11     | Killed Urug
 13416 | D:11     | Noticed an unseen horror
 13423 | D:11     | Killed an unseen horror
 13649 | D:11     | Noticed a hill giant
 13654 | D:11     | Killed a hill giant
 13654 | D:11     | Reached skill level 18 in Hexes
 13782 | D:11     | Noticed a hill giant
 13784 | D:11     | Noticed an unseen horror
 13787 | D:11     | Killed an unseen horror
 13808 | D:11     | Killed a hill giant
 13981 | D:11     | Learned a level 1 spell: Apportation
 14149 | D:11     | Found a staircase to the Lair.
 14160 | D:11     | Reached XP level 12. HP: 74/74 MP: 19/20
 14270 | Lair:1   | Entered Level 1 of the Lair of Beasts
 14724 | Lair:1   | Reached skill level 15 in Stealth
 15184 | Lair:1   | Noticed a six-headed hydra
 15199 | Lair:1   | Killed a six-headed hydra
 15232 | Lair:1   | Reached skill level 19 in Hexes
 15671 | Lair:2   | Noticed catsarecewl's ghost (powerful GrFi)
 15682 | Lair:2   | Killed catsarecewl's ghost
 15682 | Lair:2   | Reached skill level 5 in Evocations
 15902 | Lair:2   | Noticed Nergalle
 16074 | Lair:2   | Killed Nergalle
 16212 | Lair:3   | Found a burning altar of Makhleb.
 16964 | Lair:4   | Found a staircase to the Snake Pit.
 16976 | Lair:4   | Reached skill level 20 in Hexes
 17123 | Lair:4   | Reached XP level 13. HP: 79/79 MP: 19/22
 17152 | Lair:4   | Found a staircase to the Shoals.
 17545 | Lair:4   | Identified the +2 robe of Decompression {rF+}
 18472 | Lair:5   | Identified 2 scrolls of acquirement
 18640 | Lair:5   | Found a snail-covered altar of Cheibriados.
 19216 | Lair:6   | Reached skill level 21 in Hexes
 19501 | Lair:6   | Learned a level 2 spell: Blink
 19778 | Lair:6   | Identified the +6,+4 falchion of Exquisite Torment {holy, +Blink rC- Stlth+}
 19793 | Lair:6   | Noticed Fannar
 19814 | Lair:6   | Killed Fannar
 19972 | Lair:6   | Noticed Rupert
 20007 | Lair:6   | Killed Rupert
 20244 | Lair:7   | Identified the cursed -2,+0 great sword "Wakiohup" {drain, rF+ Stlth+}
 20263 | Lair:7   | Found a viscous altar of Jiyva.
 20264 | Lair:7   | Found a staircase to the Slime Pits.
 21047 | Lair:8   | Entered Level 8 of the Lair of Beasts
 21096 | Lair:8   | Reached XP level 14. HP: 85/85 MP: 27/27
 21105 | Lair:8   | Reached skill level 10 in Evocations
 21241 | Lair:8   | Identified the cursed +3 pair of gloves of Cla Thur {Stlth+} (You acquired it on level 8 of the Lair of Beasts)
 21944 | Lair:8   | Noticed Dadi's ghost (mighty DsBe)
 21955 | Lair:8   | Killed Dadi's ghost
 21955 | Lair:8   | Reached skill level 10 in Short Blades
 22237 | Lair:8   | Reached skill level 22 in Hexes
 22458 | Lair:8   | Identified the Reference Book on Confrontation
 23179 | Lair:2   | Reached skill level 1 in Shields
 23242 | D:9      | Found a stormy altar of Qazlal.
 23409 | D:12     | Noticed Psyche
 23428 | D:12     | Killed Psyche
 23848 | D:12     | Found a white marble altar of Elyvilon.
 23880 | D:12     | Found a staircase to the Orcish Mines.
 23891 | D:12     | Found a roughly hewn altar of Beogh.
 24738 | D:13     | Reached XP level 15. HP: 90/90 MP: 28/28
 25598 | D:13     | Reached skill level 5 in Shields
 26099 | D:14     | Found a snail-covered altar of Cheibriados.
 26306 | D:14     | Found a blossoming altar of Fedhas.
 26641 | D:14     | Found Gowuic's Book Emporium.
 26733 | D:14     | Bought a book of Enchantments for 550 gold pieces
 26733 | D:14     | Bought a book of Wizardry for 330 gold pieces
 27185 | D:14     | Found a gate to the Vaults.
 27433 | D:15     | Entered Level 15 of the Dungeon
 27478 | D:15     | Identified the cursed -1 pair of gloves "Akibomub" {+Rage MR++ Dex+1}
 27767 | D:15     | Found a staircase to the Depths.
 28785 | D:15     | Reached skill level 5 in Dodging
 28791 | D:15     | Reached skill level 23 in Hexes
 29822 | Shoals:1 | Entered Level 1 of the Shoals
 29867 | Shoals:1 | Noticed Aizul
 29873 | Shoals:1 | Killed Aizul
 30781 | Shoals:1 | Reached XP level 16. HP: 96/96 MP: 29/29
 30785 | Shoals:1 | Reached skill level 1 in Armour
 31366 | Shoals:2 | Identified the +9,+6 falchion of the Heavens {slice, +Blink rElec rPois rC+} (You took it off a merfolk aquamancer on level 2 of the Shoals)
 32337 | Shoals:3 | Noticed Kirke
 32344 | Shoals:3 | Killed Kirke
 32432 | Shoals:3 | HP: 3/96 [mermaid/spear (6)]
 32433 | Shoals:3 | Mangled by a faun

Action                   |  1- 3 |  4- 6 |  7- 9 | 10-12 | 13-15 | 16-18 || total
-------------------------+-------+-------+-------+-------+-------+-------++-------
Melee: Dagger            |   100 |   211 |   293 |   535 |  1087 |    83 ||  2309
 Cast: Corona            |     2 |     1 |     1 |    11 |     3 |       ||    18
       Ensorcelled Hiber |    23 |    58 |    93 |   161 |   172 |     5 ||   512
       Confuse           |       |     6 |    19 |    25 |    26 |       ||    76
       Enslavement       |       |       |     1 |    20 |    19 |     8 ||    48
       Dazzling Spray    |       |       |       |     1 |    21 |     8 ||    30
       Sure Blade        |       |       |       |     5 |     6 |     2 ||    13
       Blink             |       |       |       |       |     4 |       ||     4
 Abil: Evoke Invisibilit |       |       |       |    13 |    50 |     3 ||    66
       End Transformatio |       |       |       |     2 |     2 |       ||     4
       Bat Form          |       |       |       |     2 |     2 |       ||     4
       Turn Visible      |       |       |       |     1 |       |       ||     1
       Stop Flying       |       |       |       |       |     1 |       ||     1
       Evoke Flight      |       |       |       |       |     1 |       ||     1
Evoke: Wand              |     1 |       |     3 |       |    11 |     7 ||    22
  Use: Potion            |       |     3 |     1 |    14 |     3 |       ||    21
       Scroll            |       |     6 |    19 |    19 |    24 |     2 ||    70
 Stab: Sleeping          |    21 |    47 |    90 |   231 |   317 |    21 ||   727
       Distracted        |     1 |     1 |     1 |     2 |     5 |     1 ||    11
       Confused          |       |     4 |    11 |    13 |    23 |       ||    51
       Invisible         |       |       |     7 |    30 |   128 |    13 ||   178
       Betrayed ally     |       |       |       |       |     3 |       ||     3
